 Dungeon Crawl Stone Soup version 0.26.1-11-gd32895ea62 (webtiles) character file.

Game seed: 17779469637070835889

228800 quackenbush666 the Peltast (level 18, -3/187 HPs)
             Began as a Demonspawn Gladiator on July 16, 2021.
             Was the Champion of Cheibriados.
             Hit by a silver javelin thrown by a merfolk javelineer (5 damage)
             ... on level 3 of the Shoals.
             The game lasted 01:09:18 (40356 turns).

quackenbush666 the Peltast (Demonspawn Gladiator)  Turns: 40356, Time: 01:09:19

Health: -3/187     AC: 30    Str: 36    XL:     18   Next: 71%
Magic:  0/24       EV: 24    Int: 30    God:    Cheibriados [******]
Gold:   1075       SH: 18    Dex: 32    Spells: 16/25 levels left

rFire    + . .     SeeInvis .   q - +8 autumn katana {vorpal, Clar}
rCold    . . .     Faith    .   N - +1 kite shield
rNeg     + . .     Spirit   +   (armour currently unavailable)
rPois    ∞         Reflect  .   z - +2 hat
rElec    +         Harm     .   O - +0 cloak
rCorr    .         Rampage  .   (gloves currently unavailable)
Will     +....     Clarity  +   (boots currently unavailable)
Stlth    +.........             E - amulet of guardian spirit
HPRegen  0.41/turn              D - ring of protection from fire
MPRegen  0.19/turn              v - +6 ring of strength

@: statue-form, very slow
A: claws 2, slimy green scales 3, powered by pain 1, spiny 3
}: 1/15 runes: serpentine
a: End Transformation, Renounce Religion, Bend Time, Temporal Distortion,
Slouch, Step From Time


You were on level 3 of the Shoals.
You worshipped Cheibriados.
Cheibriados was exalted by your worship.
You were a stone statue.
You visited 6 branches of the dungeon, and saw 31 of its levels.

You collected 3885 gold pieces.
You spent 2810 gold pieces at shops.

Inventory:

Hand Weapons
 g - a +3 scimitar of flaming
 q - the +8 autumn katana (weapon) {vorpal, Clar}
   (You bought it in a shop on level 2 of the Orcish Mines)

   It inflicts extra damage upon your enemies.
   It protects you against confusion.
Missiles
 e - 79 poisoned darts (quivered)
 m - 6 throwing nets
 Q - 5 curare-tipped darts
 T - 20 silver javelins
Armour
 d - the +0 pair of boots of Yhimonk (melded) {Regen+ Int+2}
   (You found it on level 3 of the Shoals)

   It affects your intelligence (+2).
   It increases your rate of regeneration.
 k - a +2 pair of gloves (melded)
 z - a +2 hat (worn)
 N - a +1 kite shield (worn)
 O - a +0 cloak (worn)
 S - a +1 troll leather armour (melded)
 U - a scarf of resistance
Jewellery
 o - an uncursed ring of see invisible
 v - a +6 ring of strength (right claw)
 B - an uncursed ring of positive energy
 D - a ring of protection from fire (left claw)
 E - an amulet of guardian spirit (around neck)
 J - an uncursed ring of flight
Wands
 j - a wand of polymorph (21)
 H - a wand of digging (17)
 I - a wand of flame (38)
 L - a wand of acid (2)
Scrolls
 a - a scroll of silence
 f - 15 scrolls of remove curse
 h - 9 scrolls of identify
 p - 6 scrolls of magic mapping
 s - 8 scrolls of amnesia
 t - 5 scrolls of blinking
 w - 10 scrolls of teleportation
 y - 13 scrolls of enchant weapon
 G - 4 scrolls of fear
 M - 4 scrolls of fog
Potions
 b - 2 potions of magic
 c - 18 potions of ambrosia
 i - 4 potions of mutation
 l - 3 potions of flight
 n - 6 potions of brilliance
 r - 21 potions of curing
 u - 11 potions of might
 A - 3 potions of attraction
 C - 4 potions of heal wounds
 F - 4 potions of lignification
 K - 4 potions of resistance
 P - 2 potions of cancellation
Miscellaneous
 V - a condenser vane (inert)


   Skills:
 - Level 13.6 Fighting
 - Level 14.0 Long Blades
 - Level 6.0 Throwing
 - Level 4.0 Armour
 - Level 10.0 Dodging
 - Level 15.0 Shields
 - Level 10.0 Unarmed Combat
 - Level 4.0 Spellcasting
 - Level 2.0 Translocations
 + Level 9.5 Transmutations
 + Level 9.4 Earth Magic
 - Level 9.1 Invocations
 - Level 7.7 Evocations


You had 16 spell levels left.
You knew the following spells:

 Your Spells              Type           Power        Failure   Level
a - Apportation           Tloc           36%          2%          1
b - Passwall              Tmut/Erth      48%          1%          2
c - Statue Form           Tmut/Erth      38%          21%         6

Your spell library contained the following spells:

 Spells                   Type           Power        Failure   Level
 Sandblast                Erth           100%         1%          1
 Petrify                  Tmut/Erth      58%          1%          4
 Stone Arrow              Conj/Erth      68%          2%          3
 Lee's Rapid Deconstruct  Erth           29%          3%          5
 Animate Skeleton         Necr           12%          6%          1
 Corona                   Hex            6%           6%          1
 Summon Small Mammal      Summ           24%          6%          1
 Gell's Gravitas          Tloc           9%           9%          3
 Lesser Beckoning         Tloc           9%           9%          3
 Leda's Liquefaction      Hex/Erth       17%          10%         4
 Portal Projectile        Hex/Tloc       24%          13%         3
 Confusing Touch          Hex            6%           19%         3
 Hydra Form               Tmut           29%          21%         6
 Irradiate                Conj/Tmut      17%          26%         5
 Yara's Violent Unravell  Hex/Tmut       17%          26%         5
 Bolt of Magma            Conj/Fire/Erth 12%          45%         5
 Dragon Form              Tmut           29%          73%         7
 Summon Forest            Summ/Tloc      6%           75%         5
 Iron Shot                Conj/Erth      17%          82%         6
 Metabolic Englaciation   Hex/Ice        3%           87%         5
 Summon Demon             Summ           3%           87%         5
 Summon Mana Viper        Hex/Summ       6%           87%         5
 Shadow Creatures         Summ           N/A          100%        6
 Summon Hydra             Summ           3%           100%        7
 Shatter                  Erth           29%          100%        9


Dungeon Overview and Level Annotations

Branches:
Dungeon (15/15)            Temple (1/1) D:4            Lair (6/6) D:11
 Shoals (3/4) Lair:2        Snake (4/4) Lair:3        Slime (0/5) Lair:5
    Orc (2/2) D:10            Elf (0/3) Orc:2        Vaults (0/5) D:13
 Depths (0/5) D:15

Altars:
Ashenzari
Cheibriados
Dithmenos
Elyvilon
Fedhas
Gozag
Hepliaklqana
Kikubaaqudgha
Makhleb
Nemelex Xobeh
Okawaru
Qazlal
Ru
Sif Muna
Trog
Uskayaw
Vehumet
Wu Jian
Xom
Yredelemnul
Zin
The Shining One
Jiyva
Lugonu

Shops:
D:4 (   D:5 (   D:12 ?   Orc:2 [*=(   Shoals:3 !   Snake:2 }=}   Snake:3 }

Portals:
Trove: D:14 (give 12 scrolls of teleportation)

Annotations:
D:9 1 transporter, vvl's ghost, novice DsFi
D:14 exclusion: obsidian statue
Lair:4 exclusion: 4 oklob plants


Innate Abilities, Weirdness & Mutations

You have very sharp fingernails.
(You are completely covered in slimy green scales. (AC +4, rPois))
You sometimes gain a little power by taking damage.
You are completely covered in sharp spines.


Message History

* * * LOW HITPOINT WARNING * * *
The silver sears you!
* * * LOW HITPOINT WARNING * * *
You hear a splash.
The merfolk looks even sicker.
The merfolk throws a boomerang of dispersal.
You block the boomerang of dispersal.
As you read the scroll of fear, it crumbles to dust.
You assume a fearsome visage.
The merfolk javelineer resists with some effort.
The merfolk javelineer looks frightened!
The merfolk looks frightened! x3; The merfolk is engulfed in poison gas.
The merfolk looks even sicker.
The merfolk javelineer is engulfed in poison gas.
The merfolk javelineer looks as sick as possible!
The merfolk javelineer throws a silver javelin.
The silver javelin pierces through you!
* * * LOW HITPOINT WARNING * * *
The silver sears you!
You die...

≈≈≈≈≈≈≈≈≈≈≈≈≈≈≈
≈≈≈≈≈≈≈≈≈≈≈§§§≈.
≈≈≈≈≈≈≈≈≈≈≈§§§≈..
≈≈≈≈≈≈§§§≈≈m§§≈...
≈≈≈≈≈§§m§≈≈≈≈.....
≈≈..m§m§§≈≈≈≈≈≈≈≈≈≈
.P..§§m§≈≈≈≈≈≈≈≈≈≈≈
....§§§8.≈≈≈....≈..
PP≈≈≈≈≈≈(≈.....$...
PPPP≈≈≈≈≈.........#
P≈P≈≈≈≈≈≈...#.≈..#
P≈≈≈≈≈≈≈≈≈(......#
#...
≈≈≈≈≈≈≈≈≈≈(....###
##..≈
≈≈≈≈≈≈≈≈≈≈≈...##
#...≈
≈≈≈≈≈≈≈≈)≈≈..##
#..≈≈
≈≈≈≈≈≈≈)≈≈...#
####...≈


You could see 2 merfolk javelineers and 3 merfolk.

Vanquished Creatures
  Jorgrun (Orc:1)
  Asterion (Snake:4)
  Frances (Shoals:1)
  Gastronok (Lair:1)
  Kirke (Lair:4)
  An orc warlord (Orc:1)
  7 nagarajas
  A very ugly thing (D:15)
  The ghost of nothank2 the Fencer, a journeyman FoFi of the Shining One (Lair:2)
  A dire elephant (Lair:5)
  A fire dragon (Lair:6)
  A merfolk impaler (Shoals:2)
  A merfolk javelineer (Shoals:2)
  14 naga warriors
  2 catoblepae (Lair:6)
  3 boulder beetles
  14 hydras
  A merfolk aquamancer (Shoals:2)
  10 anacondas
  3 merfolk avatars
  A centaur warrior (D:15)
  2 dancing weapons (D:13)
  2 alligator snapping turtles (Shoals:3)
  3 satyrs (Shoals:3)
  An ogre mage (Orc:1)
  5 death yaks (D:11)
  A tengu warrior (D:13)
  An alligator (Lair:6)
  7 two-headed ogres
  7 orc high priests
  25 naga sharpshooters
  Nergalle (Lair:4)
  10 shock serpents
  3 slime creatures (D:15)
  5 salamander mystics
  A fire crab (D:15)
  An unseen horror (D:11)
  10 sea snakes
  A swamp dragon (Lair:6)
  8 orc knights
  7 naga ritualists
  4 lindwurms (Snake:4)
  3 wizards (D:15)
  A necromancer (D:15)
  6 harpies (Shoals:1)
  12 mana vipers
  7 orc sorcerers
  10 fauns
  6 manticores
  14 ugly things
  14 salamanders
  A deep elf mage (D:15)
  28 elephants
  5 cyclopes
  5 merfolk sirens
  40 black mambas
  4 water nymphs
  2 torpor snails
  8 guardian serpents
  Psyche (D:8)
  28 naga magi
  Maggie (D:8)
  6 cane toads
  2 gargoyles (D:12)
  An efreet (D:15)
  12 komodo dragons
  A redback zombie (D:12)
  5 rime drakes
  A tengu conjurer (D:13)
  2 queen bees (Lair:2)
  3 meliai (D:15)
  13 polar bears
  11 trolls
  6 wind drakes
  2 hornets (Lair:2)
  13 merfolk
  A queen bee (shapeshifter) (D:15)
  Grinder (D:3)
  Prince Ribbit (D:6)
  21 blink frogs
  A meliai zombie (D:15)
  11 dream sheep
  4 raiju (Lair:6)
  9 snapping turtles
  A spriggan (Lair:5)
  2 wraiths
  5 water elementals
  3 centaur simulacra (D:15)
  A hog (Lair:4)
  3 wyverns
  2 shadows
  Eustachio (D:5)
  33 yaks
  6 basilisks
  A steam dragon (Lair:6)
  Grum (D:8)
  8 vampire mosquitoes
  12 wargs
  2 acid dragons (Lair:6)
  A soldier ant (shapeshifter) (D:15)
  40 nagas
  15 water moccasins
  11 hell hounds (Lair:6)
  Duvessa (D:7)
  31 orc warriors
  2 swamp drakes (Lair:6)
  A meliai simulacrum (D:14)
  8 ice beasts (D:11)
  3 sky beasts
  20 black bears
  A hornet zombie (D:15)
  3 eyes of draining (D:13)
  5 phantoms
  8 ogres
  32 wolves
  A necrophage (D:9)
  10 centaurs
  8 big kobolds
  20 bullfrogs
  3 gnoll sergeants
  Dowan (D:7)
  A wyvern skeleton (D:15)
  A scorpion (D:10)
  46 killer bees
  10 wights
  An electric eel (Lair:2)
  12 howler monkeys
  2 centaur zombies
  2 jellies
  A bullfrog zombie (D:11)
  18 orc priests
  4 hounds
  27 orc wizards
  5 bullfrog skeletons
  8 iguanas
  9 worker ants
  4 hell rats (Lair:6)
  A killer bee zombie (D:8)
  A hound zombie (D:5)
  A hound skeleton (D:11)
  17 gnolls
  14 adders
  A shadow imp (D:10)
  2 white imps
  An ufetubus (D:5)
  An adder skeleton (D:9)
  6 worms
  2 dart slugs (D:1)
  4 leopard geckos
  80 orcs
  7 giant cockroaches
  7 goblins
  7 hobgoblins
  2 jackals (D:5)
  6 quokkas
  A ball python (D:3)
  12 bats
  5 frilled lizards
  A jackal skeleton (D:5)
  26 kobolds
  12 rats
  A spectral orc (D:9)
1170 creatures vanquished.

Vanquished Creatures (others)
  A polar bear (Lair:6)
  A killer bee (Lair:2)
  An orc wizard (Orc:2)
  An orc (Orc:2)
  A hobgoblin (D:3)
  105 fungi
  151 plants
  4 withered plants
265 creatures vanquished.

Grand Total: 1435 creatures vanquished

Notes
Turn   | Place    | Note
-------+----------+-------------------------------------------
     0 | D:1      | quackenbush666 the Demonspawn Gladiator began the quest for
                  | the Orb.
     0 | D:1      | Reached XP level 1. HP: 16/16 MP: 1/1
   143 | D:1      | Gained mutation: You have sharp fingernails. [demonic
                  | ancestry]
   143 | D:1      | Reached XP level 2. HP: 19/22 MP: 2/2
   491 | D:1      | Gained mutation: You are partially covered in slimy green
                  | scales. (AC +2) [demonic ancestry]
   491 | D:1      | Reached XP level 3. HP: 28/28 MP: 3/3
  1009 | D:2      | Reached skill level 1 in Unarmed Combat
  1141 | D:2      | Found a shadowy altar of Dithmenos.
  1168 | D:2      | Reached XP level 4. HP: 20/34 MP: 4/4
  1604 | D:2      | Found a shimmering altar of Xom.
  1643 | D:2      | Found a glowing golden altar of the Shining One.
  2563 | D:3      | Noticed Grinder
  2703 | D:3      | Gained mutation: You are partially covered in sharp spines.
                  | [demonic ancestry]
  2703 | D:3      | Reached XP level 5. HP: 41/41 MP: 5/5
  2720 | D:3      | Killed Grinder
  2721 | D:3      | Gained mutation: You are mostly covered in slimy green
                  | scales. (AC +3) [demonic ancestry]
  2721 | D:3      | Reached XP level 6. HP: 48/48 MP: 6/6
  3081 | D:3      | Noticed a moth of wrath
  3085 | D:3      | Found a bloodstained altar of Trog.
  3184 | D:3      | Found a burning altar of Makhleb.
  3185 | D:3      | Found a glowing silver altar of Zin.
  3185 | D:3      | Noticed an angel
  3186 | D:3      | Noticed a blizzard demon
  3365 | D:4      | Reached skill level 1 in Evocations
  3373 | D:4      | Gained mutation: You are mostly covered in sharp spines.
                  | [demonic ancestry]
  3373 | D:4      | Reached XP level 7. HP: 39/55 MP: 7/7
  3756 | D:4      | Learned a level 1 spell: Apportation
  3757 | D:4      | Found a staircase to the Ecumenical Temple.
  3819 | D:4      | Found Ybbettu's Weapon Shoppe.
  3900 | D:5      | Entered Level 5 of the Dungeon
  4021 | D:5      | Noticed Eustachio
  4029 | D:5      | Got a steaming robe
  4041 | D:5      | Identified the cursed +0 robe of Isarac {Int+4} (You found
                  | it on level 5 of the Dungeon)
  4108 | D:5      | Killed Eustachio
  4272 | D:5      | Found a broken altar of Ashenzari.
  4373 | D:5      | Found Zaikues's Antique Weapon Boutique.
  4412 | D:5      | Got a heavily jewelled robe
  4423 | D:5      | Identified the +1 robe of the Trees {Will+ rCorr Str+2
                  | SInv} (You found it on level 5 of the Dungeon)
  4469 | D:5      | Reached skill level 5 in Dodging
  4469 | D:5      | Reached skill level 1 in Spellcasting
  4469 | D:5      | Reached skill level 1 in Translocations
  4550 | D:5      | Reached skill level 5 in Fighting
  4690 | D:5      | Reached XP level 8. HP: 40/62 MP: 10/10
  4994 | D:6      | Found an ancient bone altar of Kikubaaqudgha.
  5017 | D:6      | Found a stormy altar of Qazlal.
  5038 | D:6      | Found a blossoming altar of Fedhas.
  5113 | D:6      | Found a snail-covered altar of Cheibriados.
  5178 | D:6      | Found an opulent altar of Gozag.
  5245 | D:6      | Noticed Prince Ribbit
  5259 | D:6      | Killed Prince Ribbit
  5704 | D:6      | Found a shimmering blue altar of Sif Muna.
  6475 | D:7      | Learned a level 2 spell: Passwall
  6514 | D:7      | Found a burning altar of Makhleb.
  6571 | D:7      | Noticed Duvessa
  6572 | D:7      | Noticed Dowan
  6585 | D:7      | Killed Duvessa
  6588 | D:7      | Killed Dowan
  6589 | D:7      | Reached skill level 5 in Unarmed Combat
  6779 | D:7      | Reached XP level 9. HP: 69/69 MP: 12/12
  7032 | Temple   | Entered the Ecumenical Temple
  7186 | D:6      | Became a worshipper of Cheibriados the Contemplative
  7364 | D:8      | Reached skill level 5 in Evocations
  7555 | D:8      | Reached * piety under Cheibriados
  7562 | D:8      | Noticed a two-headed ogre
  7580 | D:8      | HP: 4/106 [two-headed ogre/+0 giant club (3)]
  7581 | D:8      | Killed a two-headed ogre
  7619 | D:8      | Noticed Grum
  7622 | D:8      | Killed Grum
  7645 | D:8      | HP: 2/71 [wolf[Grum] (10)]
  7654 | D:8      | HP: 2/71 [poisoned by Grum]
  7660 | D:8      | HP: 2/71 [poisoned by Grum]
  7666 | D:8      | HP: 3/71 [poisoned by Grum]
  8138 | D:8      | Gained mutation: You are completely covered in sharp
                  | spines. [demonic ancestry]
  8138 | D:8      | Reached XP level 10. HP: 47/77 MP: 16/16
  8479 | D:8      | Noticed Maggie
  8507 | D:8      | Killed Maggie
  8930 | D:8      | Noticed Psyche
  8937 | D:8      | Killed Psyche
  9192 | D:9      | Noticed a manticore
  9212 | D:9      | Reached ** piety under Cheibriados
  9213 | D:10     | Entered Level 10 of the Dungeon
  9554 | D:10     | Noticed a two-headed ogre
  9572 | D:10     | Killed a two-headed ogre
 10112 | D:10     | Found a staircase to the Orcish Mines.
 10140 | D:10     | Reached *** piety under Cheibriados
 10148 | D:10     | Reached skill level 1 in Shields
 10690 | D:10     | Reached XP level 11. HP: 80/86 MP: 17/17
 10816 | D:11     | Noticed an eight-headed hydra
 10986 | D:11     | Noticed an unseen horror
 10992 | D:11     | Reached skill level 2 in Shields
 10997 | D:11     | Killed an unseen horror
 11026 | D:11     | Noticed a death yak
 11048 | D:11     | Killed a death yak
 11049 | D:11     | Reached skill level 3 in Shields
 11428 | D:9      | Found a transporter.
 11428 | D:9      | Noticed a two-headed ogre
 11435 | D:10     | Killed a two-headed ogre
 11435 | D:10     | Reached **** piety under Cheibriados
 11581 | D:9      | Reached skill level 4 in Shields
 11891 | D:9      | Found a white marble altar of Elyvilon.
 11983 | D:9      | Noticed vvl's ghost (novice DsFi)
 12070 | D:9      | Found a basalt altar of Yredelemnul.
 12232 | D:11     | Killed an eight-headed hydra
 12233 | D:11     | Reached skill level 5 in Shields
 12411 | D:11     | Found a staircase to the Lair.
 12461 | D:11     | Reached ***** piety under Cheibriados
 12584 | D:11     | Noticed a death yak
 12584 | D:11     | Noticed a death yak
 12957 | D:12     | Noticed an eight-headed hydra
 13147 | D:12     | Killed an eight-headed hydra
 13148 | D:12     | Reached skill level 6 in Shields
 13148 | D:12     | Reached skill level 10 in Unarmed Combat
 13230 | D:12     | Found Xyhuss's Magic Scroll Boutique.
 13242 | D:12     | Bought a scroll of identify for 32 gold pieces
 13242 | D:12     | Bought a scroll of identify for 32 gold pieces
 13242 | D:12     | Bought a scroll of identify for 32 gold pieces
 13501 | D:13     | Noticed a seven-headed hydra
 13525 | D:12     | Identified a scroll of acquirement
 13525 | D:12     | Acquired a manual of Long Blades
 13548 | D:11     | Noticed a death yak
 13567 | Lair:1   | Entered Level 1 of the Lair of Beasts
 13703 | Lair:1   | Reached XP level 12. HP: 93/93 MP: 18/18
 13718 | Lair:1   | Reached skill level 7 in Shields
 13867 | Lair:1   | Reached skill level 5 in Long Blades
 14544 | Lair:1   | Noticed Gastronok
 14574 | Lair:1   | HP: 4/93 [Gastronok (26)]
 14576 | Lair:1   | Killed Gastronok
 14577 | Lair:1   | Reached skill level 8 in Shields
 15263 | Lair:1   | Noticed a five-headed hydra
 15270 | Lair:1   | Killed a five-headed hydra
 16009 | Lair:2   | Noticed nothank2's ghost (journeyman FoFi)
 16071 | Lair:2   | Found a radiant altar of Vehumet.
 16083 | Lair:2   | Found a transporter.
 16086 | Lair:2   | Found a transporter.
 16225 | Lair:2   | Reached skill level 9 in Shields
 16686 | Lair:2   | Reached skill level 10 in Long Blades
 16760 | Lair:2   | Noticed a four-headed hydra
 16769 | Lair:2   | Killed a four-headed hydra
 17196 | Lair:2   | Found a staircase to the Shoals.
 17463 | Lair:2   | Reached XP level 13. HP: 98/98 MP: 19/19
 17975 | Lair:3   | Found a staircase to the Snake Pit.
 18203 | Lair:3   | Reached skill level 10 in Shields
 19680 | Lair:4   | Noticed Kirke
 20169 | D:11     | Reached skill level 11 in Shields
 20903 | D:11     | Found a basalt altar of Yredelemnul.
 21120 | D:13     | Found a gate to the Vaults.
 22279 | D:14     | Found a portal to a secret trove of treasure.
 22324 | D:14     | Reached skill level 1 in Armour
 22434 | D:14     | Gained mutation: You are completely covered in slimy green
                  | scales. (AC +4, rPois) [demonic ancestry]
 22434 | D:14     | Reached XP level 14. HP: 105/105 MP: 20/20
 23202 | D:15     | Entered Level 15 of the Dungeon
 23335 | D:15     | Reached skill level 12 in Shields
 23571 | D:15     | Found a staircase to the Depths.
 23732 | D:15     | Reached ****** piety under Cheibriados
 24455 | D:15     | Reached skill level 5 in Throwing
 24725 | D:15     | Found a blossoming altar of Fedhas.
 24882 | D:15     | Noticed a cyan very ugly thing
 24891 | D:15     | Killed a cyan very ugly thing
 25387 | Orc:1    | Entered Level 1 of the Orcish Mines
 26360 | Lair:2   | Killed nothank2's ghost
 26361 | Lair:2   | Gained mutation: You sometimes gain a little power by
                  | taking damage. [demonic ancestry]
 26361 | Lair:2   | Reached XP level 15. HP: 105/114 MP: 19/21
 26524 | Lair:4   | Noticed Nergalle
 26535 | Lair:4   | Killed Nergalle
 26719 | Lair:4   | Reached skill level 13 in Shields
 26739 | Lair:4   | Killed Kirke
 26933 | Lair:4   | Reached skill level 10 in Fighting
 27950 | Lair:5   | Found a viscous altar of Jiyva.
 27950 | Lair:5   | Found a staircase to the Slime Pits.
 28588 | Lair:6   | Entered Level 6 of the Lair of Beasts
 29093 | Lair:6   | Found a shimmering altar of Xom.
 29981 | Lair:6   | Reached skill level 14 in Shields
 30397 | Orc:2    | Entered Level 2 of the Orcish Mines
 30397 | Orc:2    | Noticed Jorgrun
 30413 | Orc:1    | Killed Jorgrun
 30414 | Orc:1    | Gained mutation: You have very sharp fingernails. [demonic
                  | ancestry]
 30414 | Orc:1    | Reached XP level 16. HP: 43/126 MP: 7/22
 31547 | Orc:2    | Found a staircase to the Elven Halls.
 31587 | Orc:2    | Found Ynomm's Jewellery Shop.
 31629 | Orc:2    | Found Liylezuw's General Store.
 31640 | Orc:2    | Bought a scroll of identify for 28 gold pieces
 31730 | Orc:2    | Found Tiwopp's Antique Armour Emporium.
 31813 | Orc:2    | Found Ewnesax's Antique Weapon Shoppe.
 31949 | Orc:2    | Bought the +8 autumn katana {vorpal, Clar} for 1986 gold
                  | pieces
 31949 | Orc:2    | Found the +8 autumn katana {vorpal, Clar}
 32175 | Snake:1  | Entered Level 1 of the Snake Pit
 33393 | Snake:2  | Reached skill level 10 in Dodging
 34084 | Snake:2  | Found Ublic's Gadget Shoppe.
 34086 | Snake:2  | Found Ocvear's Jewellery Boutique.
 34087 | Snake:2  | Found Usmyoqiv's Gadget Shoppe.
 34165 | Snake:2  | Reached skill level 15 in Shields
 34487 | Snake:3  | Reached XP level 17. HP: 95/137 MP: 11/23
 35026 | Snake:3  | Found Vontoega's Gadget Shop.
 35429 | Snake:4  | Entered Level 4 of the Snake Pit
 35575 | Snake:4  | Reached skill level 1 in Transmutations
 35575 | Snake:4  | Reached skill level 1 in Earth Magic
 35645 | Snake:4  | Learned a level 6 spell: Statue Form
 35796 | Snake:4  | Noticed Asterion
 35816 | Snake:4  | Killed Asterion
 36382 | Snake:4  | Identified Sif Muna's Tome of Orientation
 36980 | Snake:4  | Reached skill level 5 in Transmutations
 37018 | Snake:4  | Reached skill level 5 in Earth Magic
 37624 | Snake:4  | Reached XP level 18. HP: 101/144 MP: 18/24
 37694 | Snake:4  | Got a serpentine rune of Zot
 38012 | Shoals:1 | Entered Level 1 of the Shoals
 38504 | Shoals:1 | Noticed Frances
 38515 | Shoals:1 | Killed Frances
 39813 | Shoals:3 | Found Tesia's Distillery.
 39932 | Shoals:3 | Bought a potion of heal wounds for 70 gold pieces
 39932 | Shoals:3 | Bought a potion of heal wounds for 70 gold pieces
 39932 | Shoals:3 | Bought a potion of heal wounds for 70 gold pieces
 39932 | Shoals:3 | Bought a potion of heal wounds for 70 gold pieces
 39932 | Shoals:3 | Bought a potion of curing for 42 gold pieces
 39932 | Shoals:3 | Bought a potion of curing for 42 gold pieces
 39932 | Shoals:3 | Bought a potion of curing for 42 gold pieces
 39932 | Shoals:3 | Bought a potion of curing for 42 gold pieces
 39932 | Shoals:3 | Bought a potion of magic for 112 gold pieces
 39932 | Shoals:3 | Bought a potion of resistance for 140 gold pieces
 40062 | Shoals:3 | Identified the +0 pair of boots of Yhimonk {Regen+ Int+2}
                  | (You found it on level 3 of the Shoals)
 40355 | Shoals:3 | HP: 9/187 [merfolk javelineer/silver javelin (10)]
 40356 | Shoals:3 | HP: 2/187 [merfolk javelineer/silver javelin (7)]
 40356 | Shoals:3 | Hit by a silver javelin thrown by a merfolk javelineer

Illustrated notes

Levels and vault maps discovered:
D:1:      amcnicky_arrival_double_pillar, layout_basic
D:2:      layout_basic, lemuel_crystal_altar,
          nicolae_dithmenos_through_a_glass_darkly,
          nicolae_tso_swordbearing_angel
D:3:      layout_rooms, grunt_temple_overflow_order_and_chaos_2, tgw_trog,
          kennysheep_generic_room_6, uniq_grinder
D:4:      layout_cave_pools, minmay_temple_entry_from_below_a, serial_shops,
          kennysheep_mini_moat, chequers_garden
D:5:      layout_basic, nicolae_ashenzari_panopticon, serial_shops,
          nicolae_shop_overgrown_old_shop, uniq_eustachio
D:6:      layout_loops_ring, grunt_temple_overflow_forces_of_nature,
          kiku_gazebo_garden_becter, kennysheep_little_box, old_standard_altar,
          tgw_sif, uniq_prince_ribbit1
D:7:      layout_cave_pools, chequers_serial_rivers_micro_a, bloody_makhleb,
          uniq_duvessa
D:8:      layout_gridville, uniq_grum, uniq_psyche, uniq_maggie
D:9:      layout_big_octagon, yredelemnul_forgotten_temple_becter,
          elyvilon_altar_3, gammafunk_ghost_stat_death
D:10:     layout_loops_ring, kennysheep_orc_monster_closet_entryway
D:11:     layout_basic, dpeg_lair_monsters, portal_ice_cave_entry_ice_beasts,
          yredelemnul_altar_generic
D:12:     layout_long_grid, serial_shops, shop
D:13:     layout_cave_pools, erik_vaults_1
D:14:     minmay_statue_hallways, layout_irregular_city, nrook_campfire,
          enter_trove_2
D:15:     grunt_enter_depths_magical_seal, layout_loops_corners,
          fedhas_altar_fruit_tree, minmay_hollow_rounded_squares
Temple:   corrupted_temple
Lair:1:   layout_regular_city, hangedman_lair_generics_rect, uniq_gastronok
Lair:2:   layout_gridlike, minmay_shoals_entry_hut, basic_altar, special_room
          [special_room_bee], gammafunk_ghost_hive
Lair:3:   beast_lair_carwin_large_3, layout_loops_ring, dummy_snake_entry
Lair:4:   layout_long_grid, minmay_lair_oklob_chamber, uniq_kirke, uniq_nergalle
Lair:5:   mu_elephants_graveyard, layout_layer_cave, slime_altar_1, st_stairs_13
Lair:6:   guppyfry_lair_end_dragon, layout_misc_corridors,
          hangedman_lair_caniforms_friends, basic_altar,
          infiniplex_staircase_pool_2, lemuel_fruit_tree
Shoals:1: layout_shoals, uniq_frances
Shoals:2: layout_shoals, nicolae_shoals_arrival_archipelago
Shoals:3: layout_shoals, serial_shops, shop, uniq_polyphemus
Snake:1:  layout_honeycomb
Snake:2:  layout_gridlike, minmay_shop_grove, serial_bayou_shore_a
Snake:3:  layout_basic, serial_shops, shop, grunt_megastairs_2
Snake:4:  snake_pit_salamanders_mu, layout_cave_town, uniq_asterion
Orc:1:    layout_caves, guppyfry_orc_lava_fort
Orc:2:    grunt_orc_gardens, layout_caves, grunt_orc_garden, grunt_orc_garden,
          grunt_orc_garden, grunt_orc_garden, uniq_jorgrun

Skill      XL: |  1  2  3  4  5  6  7  8  9 10 11 12 13 14 15 16 17 18 |
---------------+-------------------------------------------------------+-----
Throwing       | 2 4 6 |  6.0
Dodging        | 3 4 5 6 8 10 | 10.0
Unarmed Combat | 1 2 3 4 5 7 10 | 10.0
Fighting       | 3 4 5 6 8 9 11 13 | 13.6
Evocations     | 1 2 4 5 6 7 |  7.7
Spellcasting   | 1 2 4 |  4.0
Translocations | 1 2 |  2.0
Invocations    | 8 9 |  9.1
Shields        | 1 6 9 11 12 14 15 | 15.0
Long Blades    | 4 10 12 13 14 | 14.0
Armour         | 1 4 |  4.0
Transmutations | 6 9 |  9.5
Earth Magic    | 6 9 |  9.4

Action                   |  1- 3 |  4- 6 |  7- 9 | 10-12 | 13-15 | 16-18 || total
-------------------------+-------+-------+-------+-------+-------+-------++-------
Melee: Long sword        |   103 |   122 |   183 |       |   524 |       ||   932
       Punch             |     1 |       |     8 |    44 |     4 |       ||    57
       Unarmed           |       |     8 |    11 |   563 |   150 |       ||   732
       Scimitar          |       |       |       |       |   574 |   182 ||   756
       Katana            |       |       |       |       |       |   987 ||   987
Throw: Throwing net      |       |     3 |     3 |       |     2 |       ||     8
       Dart              |       |       |    76 |    69 |    40 |     6 ||   191
       Javelin           |       |       |       |       |    27 |       ||    27
 Cast: Apportation       |       |       |     8 |       |    14 |       ||    22
       Statue Form       |       |       |       |       |       |    12 ||    12
Invok: Bend Time         |       |       |     3 |    10 |    10 |     2 ||    25
       Slouch            |       |       |       |     2 |     8 |     6 ||    16
Evoke: Wand              |       |     3 |     7 |    11 |    18 |    10 ||    49
       Condenser vane    |       |       |       |       |     3 |     2 ||     5
  Use: Scroll            |       |    11 |     6 |    14 |    11 |     4 ||    46
       Potion            |       |       |     3 |     5 |    10 |     1 ||    19
 Stab: Held in net/web   |       |     2 |     2 |       |       |       ||     4
       Paralysed         |       |     4 |       |     6 |    17 |       ||    27
       Sleeping          |       |       |     1 |     6 |     8 |     6 ||    21
       Distracted        |       |       |       |     4 |    12 |       ||    16
       Invisible         |       |       |       |     5 |       |       ||     5
       Petrifying        |       |       |       |       |     1 |       ||     1
       Petrified         |       |       |       |       |     1 |       ||     1
Armor: Leather armour    |    41 |    35 |    14 |       |       |       ||    90
       Skin              |       |     1 |     8 |       |    13 |    74 ||    96
       Robe              |       |       |    59 |    98 |    77 |       ||   234
       Troll leather arm |       |       |       |       |   184 |   119 ||   303
Dodge: Dodged            |    98 |    79 |   222 |   503 |   656 |   692 ||  2250
Block: Kite shield       |       |       |       |       |  1052 |  1156 ||  2208
       Rpst.: Long sword |    33 |    23 |    55 |       |    44 |       ||   155
       Scimitar          |       |       |       |       |    87 |    25 ||   112
       Katana            |       |       |       |       |       |    95 ||    95
